Cogmind - Beta 15 @@@ ROGUE MODE // 2025.08.30 @ 20:22:10 Player: LameThyst Result: Destroyed by G-47 Trooper with Particle Gun Performance ------------- Evolutions (0) 0 Regions Visited (2) 400 Robots Destroyed (35) 175 Value Destroyed (695) 695 Prototype IDs (1) 20 Alien Tech Used (0) 0 Bonus (0) 0 TOTAL SCORE: 1290 Bonus ------- None Cogmind --------- Core Integrity 0/250 Matter 300/300 Energy 250/250 System Corruption 0% Temperature Cool (9) Movement Rolling (115) Ox1 Location -10/Mines Parts ------- > --- POWER (1) -------- Ion Engine > --- PROPULSION (2) --- Light Treads Compact Wheel > --- UTILITY (2) ------ Large Storage Unit Seismic Detector > --- WEAPON (2) ------- Light Assault Rifle Mining Claw > --- INVENTORY (15) --- Light Treads Small Storage Unit Structural Scanner Sensor Drone Bay (20/20) Rocket Launcher Mini Grenade Launcher Mining Laser Plasma Cutter Peak State ------------ > --- POWER ------------ Ion Engine > --- PROPULSION ------- Light Treads Compact Wheel > --- UTILITY ---------- Large Storage Unit Sensor Drone Bay > --- WEAPON ----------- Mini Grenade Launcher Mining Claw > --- INVENTORY -------- Ion Engine Light Treads Small Storage Unit Structural Scanner Seismic Detector Mining Laser Plasma Cutter [Rating: 15] Favorites ----------- Power Ion Engine Engine Ion Engine Propulsion Compact Wheel Treads Light Treads Wheel Compact Wheel Utility Small Storage Unit Device Seismic Detector Storage Small Storage Unit Protection Light Armor Plating Weapon Medium Laser Energy Gun Medium Laser Ballistic Gun Assault Rifle Launcher Mini Grenade Launcher Special Weapon Plasma Cutter Slashing Weapon Mining Claw Build | -11 -10 -10 ------- Run | Yrd Mat Min Slots Evolved . | . . . Power . | . . . Propulsion . | . . . Utility . | . . . Weapon . | . . . Parts Attached 34 | 9 17 8 Power 6 | 2 3 1 Engine 6 | 2 3 1 Core . | . . . Reactor . | . . . Propulsion 5 | 2 3 . Treads 2 | 1 1 . Leg . | . . . Wheel 3 | 1 2 . Hover . | . . . Flight . | . . . Utility 8 | 2 4 2 Device 5 | 1 3 1 Storage 2 | 1 . 1 Processor . | . . . Hackware . | . . . Protection 1 | . 1 . Artifact . | . . . Weapon 15 | 3 7 5 Energy Gun 7 | 1 4 2 Energy Cannon . | . . . Ballistic Gun 3 | 1 1 1 Ballistic Cannon . | . . . Launcher 2 | . 2 . Special Weapon 2 | 1 . 1 Impact Weapon . | . . . Slashing Weapon 1 | . . 1 Piercing Weapon . | . . . Special Melee Weapon . | . . . Unidentified Prototypes 1 | . . 1 Parts Lost 6 | . 2 4 Power . | . . . Propulsion . | . . . Utility 2 | . 1 1 Weapon 4 | . 1 3 Highest Loss Streak 3 | . 1 3 To Critical Strikes . | . . . Average Backups 7 | 4 7 7 Power . | . . . Propulsion 1 | 2 1 1 Utility 2 | . 1 2 Weapon 2 | 1 2 2 Tool/Special . | . . . Unused Backups 7 | . 5 2 Power 3 | . 3 . Propulsion 2 | . 1 1 Utility 1 | . 1 . Weapon 1 | . . 1 Tool/Special . | . . . Average Slot Usage (%) 97 | . 99 92 Engine 14 | . 14 14 Treads 13 | . 13 14 Wheel 13 | . 13 14 Device 12 | . 12 11 Storage 14 | . 14 14 Protection 1 | . 1 . Energy Gun 9 | . 12 1 Ballistic Gun 10 | . 12 5 Special Weapon 2 | . 1 3 Slashing Weapon 3 | . . 11 Peak Build Rating 15 | 8 9 15 Average Rating 8 | 5 8 9 On Entrance 5 | . 8 8 Naked Turns . | . . . Heaviest Build 42 | 14 17 42 Greatest Support 20 | 20 20 20 Greatest Overweight (x) 3 | . 3 2 Average Overweight (x) . | . . . Largest Inventory Capacity 15 | 8 8 15 Average Capacity 9 | 7 8 13 Most Carried 9 | 8 8 9 Average Carried 7 | 4 7 7 Final Capacity 15 | 8 8 15 Final Carried 8 | 8 8 8 Class Distribution -------------------- 100% | Mutant Dominant Class ---------------- Mutant | -10/Materials Mutant | -10/Mines Resources | -11 -10 -10 ----------- Run | Yrd Mat Min Matter Collected 1141 | 309 658 174 Remotely . | . . . Salvage Created 1141 | 141 802 198 Parts 63 | 10 43 10 Haulers Intercepted 2 | . 2 . Recyclers Shooed 1 | . . 1 Parts Field Recycled . | . . . Retrieved Matter . | . . . Parts Self-Destructed . | . . . Prevented . | . . . Kills | -11 -10 -10 ------- Run | Yrd Mat Min Combat Hostiles Destroyed 24 | . 20 4 Guns 11 | . 10 1 AOE 13 | . 10 3 Classes Destroyed 8 | 2 6 . Worker 1 | . 1 . Builder 2 | . 2 . Tunneler 3 | 3 . . Hauler 2 | . 2 . Recycler 3 | 1 1 1 Swarmer 9 | . 6 3 Grunt 12 | . 11 1 Subdweller 3 | . 3 . Best Kill Streak 4 | 3 4 4 Combat Bots Only 4 | . 4 3 Max Kills in Single Turn 2 | 1 2 1 Gunslinging . | . . . Exploded 2 | . 2 1 Melee . | . . . Uniques/NPCs Destroyed . | . . . Combat | -11 -10 -10 -------- Run | Yrd Mat Min Hostile Shots Fired 112 | . 71 41 Missed 30 | . 19 11 Hits 82 | . 52 30 Projectile 82 | . 52 30 Critical Strikes 1 | . . 1 Damage Taken 1065 | . 658 407 Core 261 | . 114 147 Absorbed by Shields . | . . . Regen/Repaired (Parts) 29 | . 29 . Core Remaining (%) 100 | 100 . . Volleys Fired 113 | 9 75 29 Largest 2 | 2 2 2 Hottest 150 | 70 150 90 Shots Fired 190 | 18 137 35 Gun 164 | 18 122 24 Cannon . | . . . Launcher 14 | . 11 3 Special 12 | . 4 8 Kinetic 72 | 9 60 3 Thermal 88 | 9 53 26 Explosive 14 | . 11 3 Electromagnetic 16 | . 13 3 Robot Hit Streak 16 | 7 11 16 Robot Miss Streak 3 | 1 3 2 Penetration Max . | . . . Secondary Targets 1 | . 1 . Max Gunslinging Chain 1 | . 1 . Shots Hit Robots 130 | 12 91 27 Core Hits 57 | 5 43 9 Critical Kills . | . . . Critical Parts Destroyed . | . . . Critical Strikes 8 | 1 6 1 Burn 7 | 1 5 1 Corrupt 1 | . 1 . Melee Attacks 1 | . . 1 Impact . | . . . Slashing 1 | . . 1 Piercing . | . . . Sneak Attacks 1 | . . 1 Combat Hostiles . | . . . Follow-up Attacks . | . . . Damage Inflicted 2814 | 129 1895 790 Guns 1334 | 129 946 259 Cannons . | . . . Explosions 1360 | . 949 411 Melee 44 | . . 44 Ramming 1 | . . 1 Kinetic 467 | 42 382 43 Thermal 917 | 87 578 252 Explosive 1207 | . 796 411 Electromagnetic 178 | . 139 39 Impact . | . . . Slashing 44 | . . 44 Piercing . | . . . Highest Corruption . | . . . Average Corruption . | . . . Corruption Purged . | . . . Corruption Blocked . | . . . Overload Shots . | . . . Overflow Damage 191 | . 79 112 Projectiles 7 | . . 7 Explosions 184 | . 79 105 Melee . | . . . Knockbacks . | . . . Impact . | . . . Kinetic . | . . . Secondary . | . . . Self-Inflicted Damage 81 | . 81 . Shots 3 | . 3 . Rammed 1 | . . 1 Targets Rammed 1 | . . 1 Kicked . | . . . Crushed . | . . . Highest Temperature 323 | 80 210 323 Average Temperature 76 | 35 54 172 Received Heat Transfer 462 | . 231 231 Siege Activations . | . . . Martial Activations . | . . . Shielding Activations . | . . . Robots Disrupted . | . . . Combat Hostiles . | . . . Robots Corrupted . | . . . Combat Hostiles . | . . . Parts Fried . | . . . Impact Corruptions . | . . . Robots Melted . | . . . Combat Hostiles . | . . . Parts Melted 2 | 1 1 . Heat Transferred 2962 | 333 1778 851 Parts Sabotaged . | . . . Parts Stolen . | . . . Parts Stripped . | . . . Power Chain Reactions 2 | . 2 . Alert | -11 -10 -10 ------- Run | Yrd Mat Min Maximum Alert Level 1 | . 1 . Low Security (%) 93 | 100 89 100 Level 1 6 | . 10 . Level 2 . | . . . Level 3 . | . . . Level 4 . | . . . Level 5 . | . . . High Security . | . . . Max Security . | . . . Peak Influence 227 | 10 227 94 Initial 81 | . . 81 Average 60 | 2 78 32 Influence Increases 840 | 20 631 189 Destroy 0b10 Robot/C 420 | . 340 80 Destroy 0b10 Robot/NC 65 | 20 30 15 Destroy Leader 84 | . 74 10 Successful Hack 10 | . 10 . Select Force Hacks 60 | . 60 . Disable Machine 15 | . 15 . Destroy Structure 96 | . 72 24 Lose Combat Pursuer 90 | . 30 60 Influence Decreases 840 | 20 423 397 Entered New Map 127 | . . 127 Time Decay 658 | 20 408 230 Lost Part 55 | . 15 40 Squads Dispatched 6 | . 6 . Investigation 4 | . 4 . Extermination . | . . . Reinforcement 2 | . 2 . Assault . | . . . Garrison . | . . . Intercept . | . . . Searches Triggered . | . . . Construction Impeded . | . . . Haulers Reinforced . | . . . Active Scanning Responses . | . . . Cargo Convoy Interrupts . | . . . Stealth | -11 -10 -10 --------- Run | Yrd Mat Min Distress Signals 3 | . 3 . Communications Jammed . | . . . Distress Signals . | . . . Times Spotted 40 | . 32 8 Peak Tracking Total 4 | . 4 3 Tactical Retreats 4 | . 1 3 Traps | -11 -10 -10 ------- Run | Yrd Mat Min Traps Triggered 4 | . 4 . Indirectly . | . . . Trap Hack Attempts . | . . . Triggered . | . . . Disarmed . | . . . Reprogrammed . | . . . Reused . | . . . Traps Extracted . | . . . Installed . | . . . Triggered . | . . . Machines | -11 -10 -10 ---------- Run | Yrd Mat Min Machines Disabled 1 | . 1 . Max in Single Turn 1 | . 1 . Machines Repaired . | . . . Machines Dismantled . | . . . Machines Sabotaged . | . . . Overloaded Fab Kills . | . . . Hacking | -11 -10 -10 --------- Run | Yrd Mat Min Machines Accessed 10 | . 9 1 Terminals 6 | . 6 . Fabricators . | . . . Repair Stations 1 | . 1 . Recycling Units 2 | . 2 . Scanalyzers . | . . . Garrison Access . | . . . Total Hacks 25 | . 24 1 Successful 13 | . 12 1 Failed 12 | . 12 . Catastrophic 1 | . 1 . Database Lockouts . | . . . Manual 21 | . 21 . Terminals 19 | . 19 . Fabricators . | . . . Repair Stations 2 | . 2 . Recycling Units 3 | . 3 . Scanalyzers . | . . . Garrison Access . | . . . Terminal Hacks 1 | . . 1 Open Door 1 | . . 1 Fabricator Hacks . | . . . Repair Station Hacks 2 | . 2 . Scan Component 1 | . 1 . Repair 1 | . 1 . Recycling Unit Hacks . | . . . Scanalyzer . | . . . Garrison Access Hacks . | . . . Unauthorized Hacks 10 | . 10 . Terminals 8 | . 8 . Botnet 2 | . 2 . Skim 6 | . 6 . Fabricators . | . . . Repair Stations . | . . . Recycling Units 2 | . 2 . Tunnel 2 | . 2 . Scanalyzers . | . . . Garrison Access . | . . . Data Cores Recovered . | . . . Used . | . . . Hacking Detections 7 | . 7 . Full Trace Events . | . . . Feedback Events . | . . . Feedback Blocked . | . . . Robot Schematics Acquired . | . . . Robots Built . | . . . Authchips . | . . . Time . | . . . Total Robot Build Rating . | . . . Part Schematics Acquired . | . . . Parts Built . | . . . Authchips . | . . . Time . | . . . Total Part Build Rating . | . . . Parts Repaired 1 | . 1 . Time 26 | . 26 . Parts Recycled . | . . . Recycled Matter . | . . . Retrieved Matter . | . . . Retrieved Components . | . . . Parts Scanalyzed . | . . . Part Schematics Acquired . | . . . Parts Damaged . | . . . Bothacking | -11 -10 -10 ------------ Run | Yrd Mat Min Used RIF Installer . | . . . Robots Hacked . | . . . Non-combat . | . . . Combat . | . . . Robot Hacks Applied . | . . . Relay Couplers Released . | . . . Fabnet Peak Effective % . | . . . Robots Rewired . | . . . Allies Hacked . | . . . Hacks Repelled . | . . . Allies | -11 -10 -10 -------- Run | Yrd Mat Min Total Allies . | . . . Largest Group . | . . . Highest-Rated Group . | . . . Highest-Rated Ally . | . . . Total Orders 1 | . . 1 EXPLORE 1 | . . 1 Ally Attacks . | . . . Total Damage . | . . . Kills . | . . . Allies Corrupted . | . . . Allies Melted . | . . . Intel | -11 -10 -10 ------- Run | Yrd Mat Min Active Infowar (turns) 1716 | 56 1233 427 Terrain 86 | . 86 . Structural 2 | . 2 . Seismic 1628 | 56 1145 427 Robot Analysis Total . | . . . Derelict Logs Recovered 1 | . . 1 Drone Launches 1 | . . 1 Drone Recoveries 1 | . . 1 Exploration | -11 -10 -10 ------------- Run | Yrd Mat Min Turns Passed 2232 | 121 1408 703 Spaces Moved 1304 | 75 865 364 Core 3 | 2 1 . Treads 274 | 1 230 43 Legs . | . . . Wheels 1027 | 72 634 321 Hover . | . . . Flight . | . . . Fastest Speed 50 | 50 100 100 Average Speed 116 | 99 116 121 Slowest Speed 200 | 160 200 160 Overloaded Moves . | . . . Propulsion Burnouts . | . . . Robots Hopped . | . . . Potential Cave-ins . | . . . Cave-ins Triggered . | . . . Exploration Rate (%) 60 | 6 94 82 Regions Visited 2 Branch Regions 1 Pre-discovered Areas 3 | . 3 . Known Exits Taken . | . . . Unknown Exits Taken 2 | 1 1 . Scrap Searched 1 | . . 1 Spaces Dug 3 | . 3 . Terrain Destroyed 105 | . 72 33 Melee . | . . . Projectile 3 | . 3 . AOE 102 | . 69 33 Terrain Rammed . | . . . Walls Destroyed . | . . . Machines Disabled . | . . . Actions | -11 -10 -10 --------- Run | Yrd Mat Min Total 1791 | 100 1115 576 Wait 253 | . 95 158 Move 1302 | 74 864 364 Hop . | . . . Pick Up 25 | 7 14 4 Fast Attach 15 | 7 6 2 Attach 7 | . 2 5 Detach 3 | . . 3 Swap 48 | 3 40 5 Drop 21 | . 19 2 Fire 113 | 9 75 29 Melee 1 | . . 1 Ram . | . . . Kick . | . . . Crush 1 | . . 1 Escape Stasis . | . . . Rewire . | . . . Trap . | . . . Miscellaneous 2 | . . 2 Route ------- -11/Scrapyard -10/Materials (discovered 5 exits: *Mat x3 / *Min / *Sub) -10/Mines (discovered 2 exits: *Mat x2) History --------- Turn | Location | Event 16 | -11/Scrapyard | Discovered new exit (range 15) 122 | -11/Scrapyard | Entered Materials 321 | -10/Materials | Build established: Mutant 504 | -10/Materials | Discovered new exit (range 6) 733 | -10/Materials | Repaired Ion Engine 739 | -10/Materials | Discovered new exit (range 4) 889 | -10/Materials | Discovered new exit (range 5) 963 | -10/Materials | Identified exit to Subcaves 987 | -10/Materials | Discovered new exit (range 6) 1007 | -10/Materials | Learned location of 1 exit from Storage 1022 | -10/Materials | Derelicts attacked the area 1043 | -10/Materials | Learned location of Recycling (-7) 1068 | -10/Materials | Learned location of 1 exit from Recycling 1082 | -10/Materials | Learned Storage stockpile data 1086 | -10/Materials | Learned location of 1 exit from Storage 1100 | -10/Materials | Learned Storage stockpile data 1530 | -10/Materials | Entered Mines 1532 | -10/Mines | Core integrity fell below 50% 1571 | -10/Mines | Core integrity fell below 20% 1583 | -10/Mines | Lost 3 parts (1u2w) 1781 | -10/Mines | Found the Drone Emporium 1785 | -10/Mines | Found Prototype Device 1786 | -10/Mines | Identified Sensor Drone Bay 1997 | -10/Mines | Received a Rocket Launcher from a helpful Derelict 2030 | -10/Mines | Discovered new exit (range 9) 2039 | -10/Mines | Identified exit to Materials 2233 | -10/Mines | Destroyed by G-47 Trooper with Particle Gun Last Messages --------------- 01993_ TZ-ICR(g): "You know what I say? NO!" 01994_ TZ-ICR(g): "Everyone knows a good old rocket launcher goes a long way." 01995_ TZ-ICR(g): "Need to get rid of a swarm? Done. Need a big hole in the wall? Done." 01996_ TZ-ICR(g): "Need a small hole in the wall? Leave that to the mining laser wimps, I say!" 01997_ TZ-ICR(g): "Would you like a rocket launcher? I know I would if I were you, so I'm going to lend you mine." 01997_ TZ-ICR(g) slips back into the shadows. 01999_ Acquired Rocket Launcher. 02030_ EXIT=FOUND 02039_ Acquired derelict log, extracted data. Loading 1 Mines exit... 02049_ Searching scrap... 02049_ Found Lrg. Battery. 02049_ Found 40 Matter. 02050_ Acquired 5 matter. Map ----- +----------------------------------------------------+ | | | | | | | | | | | | | | | | | | | | | | | | | ?????????????????????????????????????????????? | | ?????????????????????????????????????????????? | | ?????????????????????????????????????????????? | | ###??????????????????????????????????????????? | | #?????????????????????????????????????????? | | ?????????????????????????????????????????? | | ????????????????????###??????????????????? | | #???????????????????# ??????????????????? | | #????????????????????# #??????????????????? | | ??????????????###??????# #??????????????????? | | ??????????????? #??????# #??????????????????? | | ???????????????# #??????# #??????????????????? | | ???????????????# #??????# #??????????????????? | | #?????????####?# #?######@#??????????????????? | | ####?????## ### #?# #?############?????? | | ##???## ## ### ##g###?# #?????? | | #??## ## ##### < """ #?????? | | #??# ########## """ #?????? | | ##### #????????# ##### """ #?????? | | #????????# #???# #?????? | | ## ##### #######???# #???############?????? | | #### #???##### ##### #????????????????????? | | #??# #??????# #?????????#########??? | | ???# #??????# #### #?????????# #??? | | ???# #??????## ##??# #?????????# """ #??? | | ???# #???????######???# #?????????# """ #??? | | ???# #????????????????# #?????????# """ #??? | | ???# #????????????????# ######????# #??? | | ???# ###########??????# #????# #??? | | ???# ## #??????######%#????### #####??? | | ???# ## #???????????#!#??????# #??????? | | ???# ##""" #?????????### #####??# #??????? | | ???# ##""" #????????## #### #??????? | | ?### ##""" #????????# #??????? | | ?# #????????# #??????? | | ?# #### #######????????# ####??###?? | | ?# #??# #??????????????## ##??## ##? | | ## #??# #???????????????### #### #? | +----------------------------------------------------+ Best States ------------- Heat Dissipation 25 Energy Generation 10 Energy Capacity 250 Matter Stores 300 Matter Capacity 300 Sight Range 16 Terrain Scan Range 16 Terrain Scan Density 10 Armor Coverage 150 Evasion (%) 40 Recoil Reduction 1 Item Schematics ----------------- None Robot Schematics ------------------ None Fabricated ------------ Nothing Repaired ---------- Ion Engine | 51% | -10/Materials Alien Tech Used ----------------- None Achievements -------------- None Challenges ------------ None Game ------ Seed PiercingVisualModule Manual? 0 Play Time 00:24:40 Cumulative 125.3 hours Start 2025.08.24 @ 23:07:54 End 2025.08.30 @ 20:22:10 Sessions 2 Manual Loads 0 Difficulty Rogue Special Mode None Game No. 139 Rogue 139 Adventurer 0 Explorer 0 Win Type - Total 0 Types 0/0/0/0/0/0/0/0/0/0 Lore% 61 Gallery% 45 Achievement% 37 Wizard Run 0 Options --------- Layout 1 ASCII 0 Keyboard 0 Movement Mouse Keybinds 0 Fullscreen 2 Font 48/Smallcaps Map View 50x35 Zoom Use 0% Tactical HUD 1 Map Filters NONE Filters NONE Steam 0 RUN: b7e68081-f367-4afd-8ba0-37912829c6aa